 Dungeon Crawl Stone Soup version 0.29.1-15-g9cfb28693d (webtiles) character file.

Game seed: 15177123610180099654

124 croobank the Trooper (level 5, -1/47 HPs)
             Began as a Hill Orc Fighter on Apr 17, 2023.
             Slain by an ogre
             ... wielding a +0 giant spiked club
              (21 damage)
             ... on level 3 of the Dungeon.
             The game lasted 00:05:37 (2995 turns).

croobank the Trooper (Hill Orc Fighter)             Turns: 2995, Time: 00:05:38

Health: -1/47      AC:  7    Str: 19    XL:     5   Next: 8%
Magic:  5/5        EV:  7    Int: 10    God:
Gold:   156        SH:  8    Dex: 10    Spells: 4/4 levels left

rFire   . . .      SeeInvis .   r - +6 dagger (drain)
rCold   . . .      Faith    .   q - +0 kite shield
rNeg    . . .      Spirit   .   b - +0 scale mail
rPois   .          Reflect  .   (no helmet)
rElec   .          Harm     .   (no cloak)
rCorr   .          Rampage  .   (no gloves)
Will    .....                   (no boots)
Stlth   ..........              (no amulet)
HPRegen 0.15/turn               (no ring)
MPRegen 0.09/turn               (no ring)

@: no status effects
A: no striking features
a: no special abilities


You were on level 3 of the Dungeon.
You visited 1 branch of the dungeon, and saw 3 of its levels.

You collected 156 gold pieces.

Inventory:

Hand Weapons
 a - a +0 war axe
 r - a +6 dagger of draining (weapon)
Missiles
 l - 2 poisoned darts (quivered)
Armour
 b - a +0 scale mail (worn)
 c - a +0 buckler
 q - a +0 kite shield (worn)
Magical Staves
 j - a staff of air
Jewellery
 s - a ring of willpower
Scrolls
 h - a scroll of butterflies {unknown}
 i - a scroll of immolation {unknown}
 k - a scroll of enchant armour {unknown}
 n - 2 scrolls of identify {unknown}
 p - a scroll of fear {unknown}
Potions
 d - a potion of might
 e - a potion of resistance {unknown}
 f - 3 potions of degeneration {unknown}
 m - a potion of cancellation {unknown}
 o - a potion of curing {unknown}


   Skills:
 + Level 4.5 Fighting
 + Level 4.2 Axes
 + Level 4.1 Armour
 + Level 4.2 Shields


You had 4 spell levels left.
You didn't know any spells.
Your spell library contained the following spells:

 Spells                   Type           Power      Damage    Failure   Level
 Conjure Flame            Conj/Fire      0%         6-21      100%        3
 Ignite Poison            Fire/Tmut/Pois 0%         N/A       100%        3
 Sticky Flame             Conj/Fire      0%         2d3       100%        4


Dungeon Overview and Level Annotations

Branches:
Dungeon (3/15)

Altars:
The Shining One


Message History

Found a dagger.
You see here a +0 dagger.
Things that are here:
a +0 hand axe; a +0 leather armour; an orc skeleton An ogre comes into view.
It is wielding a +0 giant spiked club.
The ogre shouts!
You hear a shout! x2
Things that are here:
a +0 hand axe; a +0 leather armour; an orc skeleton Throw: 5 darts (poison)
Press: ? - help, Q - select action Shift-Dir - straight line, f - ogre
Aim: an ogre, wielding a +0 giant spiked club (73% to hit)
You throw a poisoned dart.
The poisoned dart barely misses the ogre.
Throw: 4 darts (poison)
Press: ? - help, Q - select action Shift-Dir - straight line, f/p - ogre
Aim: an ogre, wielding a +0 giant spiked club (73% to hit)
You throw a poisoned dart. The poisoned dart hits the ogre.
The ogre is poisoned.
Throw: 3 darts (poison)
Press: ? - help, Q - select action Shift-Dir - straight line, f/p - ogre
Aim: an ogre, wielding a +0 giant spiked club (lightly wounded, poisoned, 73% to hit)
You throw a poisoned dart. The poisoned dart hits the ogre.
The ogre looks even sicker.
The ogre is lightly wounded.
You hit the ogre. You drain the ogre.
The ogre is moderately wounded.
The ogre hits you with a +0 giant spiked club!!
Ouch! That really hurt!
You hit the ogre.
The ogre is moderately wounded.
You block the ogre's attack.
You hit the ogre.
The ogre is heavily wounded.
The ogre completely misses you.
You barely miss the ogre.
The ogre is severely wounded.
You hit the ogre.
The ogre is almost dead.
The ogre hits you with a +0 giant spiked club!!
You die...

.#.##.##.##.# #.# #.# #.
.#.##.##.##.# #.# #.# #.
.#.##.#...#.# #.# #.# #.
.......[....# #.# #)# #.
..†...#.....# #.# #.####### #.
.....###.#..# #.###.......## #.
.#.#.###.#..####............# #.
.#.#.....#.............P....## #.
.#.#..(..)(...(O@#...........###.
.....#####.###.###...............
..##.# #<.##.# #........P..##.#
.. #.# ##'##.# #..........###.#
.. #.# ##.##.# #..........# #.#
..##.#####..######.#...)...## #.#
.......##........#.######### #.#
##.......♣.).<.#.# #.#
##...###........#.# #.#


You could see an ogre (poisoned, drained).

Vanquished Creatures
  Robin (D:2)
  3 gnolls
  2 adders (D:2)
  2 worms (D:3)
  2 orcs (D:3)
  5 ball pythons
  3 endoplasms
  15 goblins
  4 hobgoblins
  3 quokkas
  4 bats
  5 frilled lizards
  8 kobolds
  4 rats
61 creatures vanquished.

Vanquished Creatures (others)
  25 plants
25 creatures vanquished.

Grand Total: 86 creatures vanquished

Notes
Turn   | Place    | Note
-------+----------+-------------------------------------------
     0 | D:1      | croobank the Hill Orc Fighter began the quest for the Orb.
     0 | D:1      | Reached XP level 1. HP: 19/19 MP: 1/1
   339 | D:1      | Reached XP level 2. HP: 14/27 MP: 2/2
   903 | D:1      | Reached XP level 3. HP: 19/33 MP: 3/3
  1198 | D:1      | Found a faded altar of an unknown god.
  1612 | D:2      | Reached XP level 4. HP: 37/40 MP: 4/4
  1788 | D:2      | Noticed Robin
  1798 | D:2      | Killed Robin
  2624 | D:3      | Reached XP level 5. HP: 42/46 MP: 5/5
  2730 | D:3      | Found a glowing golden altar of the Shining One.
  2972 | D:3      | Noticed an ogre
  2995 | D:3      | Slain by an ogre

Illustrated notes

Levels and vault maps discovered:
D:1:      elethiomel_arrival_infinity_welcomes_careful_drivers, layout_basic,
          hellmonk_ecumenical_altar_inner_sanctum
D:2:      layout_rooms, guppyfry_early_lair_pool, uniq_robin
D:3:      layout_loops_ring, nicolae_tso_swordbearing_angel,
          grunt_ministairs_14, minmay_misc_feat_pillars, nicolae_grassy_gnolls

Skill      XL: |  1  2  3  4 |
---------------+-------------+-----
Axes           | 3 4 |  4.2
Fighting       | 4 |  4.5
Shields        | 4 |  4.2
Armour         | 4 |  4.1

Action                   |  1- 3 |  4- 6 || total
-------------------------+-------+-------++-------
Melee: War axe           |    88 |    27 ||   115
       Dagger            |       |    54 ||    54
Throw: Dart              |     7 |     3 ||    10
  Use: Scroll            |       |     2 ||     2
Armor: Scale mail        |    40 |    22 ||    62
Dodge: Dodged            |    47 |    28 ||    75
Block: Buckler           |    31 |     6 ||    37
       Kite shield       |       |    15 ||    15
